 Dungeon Crawl Stone Soup version 0.31-a0-569-g7ea453304b (webtiles) character file.

Game seed: 9337667282183192222

611 Ajdolov the Changeling (level 7, -1/32 HPs)
             Began as a Vine Stalker Shapeshifter on Aug 18, 2023.
             Succumbed to a water moccasin's poison
             ... on level 5 of the Dungeon.
             The game lasted 00:05:23 (3166 turns).

Ajdolov the Changeling (Vine Stalker Shapeshifter)  Turns: 3166, Time: 00:05:23

Health: -1/32      AC:  8    Str: 18 (19) XL:     7   Next: 44%
Magic:  2/8        EV:  8    Int:  6 (8)  God:
Gold:   146        SH:  0    Dex: 12 (15) Spells: 6/6 levels left

rFire   . .          .
                       - Unarmed
rCold   . . .        (no shield)
rNeg    + . .        w - +0 chain mail
rPois   .            (helmet currently unavailable)
rElec   .            (cloak currently unavailable)
rCorr   .            (gloves currently unavailable)
SInv    .            (boots currently unavailable)
Will    +....        (no amulet) Stlth
                     u - ring of willpower
HPRegen 1.05/turn    y - ring of positive energy
MPRegen 0.11/turn

%: guardian spirit
@: lethally poisoned (-1 -> -12), beast-form, hasted, very quick
A: beast (slay +4), fangs 2, regeneration 1, magic shield, antimagic bite, no
potion heal 2
a: Begin Untransformation


You were on level 5 of the Dungeon.
You were a hulking beast.
You visited 1 branch of the dungeon, and saw 6 of its levels.

You collected 146 gold pieces.

Inventory:

Missiles
 r - a throwing net
Armour
 w - a +0 chain mail (worn)
Jewellery
 p - an amulet of faith
 u - a ring of willpower (left hand)
 y - a ring of positive energy (right hand)
Talismans
 c - a beast talisman (active)
 d - a flux talisman
Scrolls
 f - 3 scrolls of identify {unknown}
 g - a scroll of poison {unknown}
 j - a scroll of butterflies {unknown}
 l - 4 scrolls of teleportation {unknown}
 n - a scroll of fear {unknown}
 o - a scroll of noise {unknown}
 s - a scroll of vulnerability {unknown}
 t - a scroll of revelation {unknown}
 x - a scroll of enchant weapon {unknown}
Potions
 a - a potion of degeneration
 b - a potion of lignification
 e - a potion of attraction {unknown}
 h - a potion of invisibility {unknown}
 i - a potion of heal wounds
 k - a potion of mutation {unknown}
 m - a potion of might {unknown}
 q - a potion of haste
 v - a potion of curing {unknown}


   Skills:
 - Level 0.8 Fighting
 - Level 1.5 Dodging
 + Level 5.3 Unarmed Combat
 * Level 6.1 Shapeshifting


You had 6 spell levels left.
You didn't know any spells.
Your spell library contained the following spells:

 Spells                   Type           Power      Damage    Failure   Level
 Kiss of Death            Conj/Necr      0%         2d5       99%         1
 Confusing Touch          Hex            0%         N/A       100%        3
 Dispel Undead            Necr           0%         3d6       100%        4


Dungeon Overview and Level Annotations

Branches:
Dungeon (6/15)
 Temple: D:4-7

Altars:
Ashenzari
Okawaru
Zin


Innate Abilities, Weirdness & Mutations

You are a hulking beast.
Your limbs bulge with bestial killing power. (Slay +4)
You have extremely sharp teeth.
Your natural rate of healing is unusually fast.
When hurt, damage is shared between your health and your magic reserves.
Your bite disrupts and absorbs the magic of your enemies.
Potions cannot restore your health.


Message History

The water moccasin is severely wounded.
You feel sick.
The water moccasin bites you but does no damage.
The kobold closely misses you.
Unknown command.
You closely miss the water moccasin. You bite the water moccasin.
You drain its power.
You feel invigorated.
The water moccasin is severely wounded.
You feel sick. The water moccasin bites you.
You are more poisoned.
The water moccasin poisons you! The kobold hits you but does no damage.
You hit the water moccasin. You bite the water moccasin. You drain its power.
The water moccasin is almost dead.
You feel very sick. The water moccasin barely misses you.
The kobold closely misses you.
You barely miss the water moccasin. Your bite misses the water moccasin.
The water moccasin is almost dead.
You feel sick. The water moccasin bites you!
* * * LOW HITPOINT WARNING * * *
The water moccasin bites you but does no damage.
The kobold hits you but does no damage.
You hit the water moccasin.
The water moccasin is almost dead.
* * * LOW HITPOINT WARNING * * *
You feel sick.
The water moccasin bites you but does no damage.
Unknown command.
It was a potion of haste.
You feel yourself speed up.
* * * LOW HITPOINT WARNING * * *
You feel sick. The kobold hits you but does no damage.
The water moccasin closely misses you.
It was a potion of degeneration.
There was something very wrong with that liquid.
You feel weakened.
You feel dopey.
You feel clumsy. The water moccasin bites you.
* * * LOW HITPOINT WARNING * * *
You are more poisoned.
The water moccasin poisons you! The kobold hits you with a +0 club.
It was a potion of heal wounds.
That seemed strangely inert.
You die...

#.# #.#
#.# #.#
#.# #.#
#K#######
#hS......
#########


You could see a water moccasin and a kobold.

Vanquished Creatures
  2 ogres
  A hound (D:4)
  2 jellies
  A gnoll bouda (D:4)
  An iguana (D:6)
  2 orc wizards (D:4)
  Robin (D:3)
  8 gnolls
  5 adders
  2 worms
  A dart slug (D:4)
  4 orcs
  11 bats
  11 endoplasms
  5 giant cockroaches
  12 goblins
  13 hobgoblins
  8 kobolds
  4 quokkas
  6 ball pythons
  11 frilled lizards
  4 rats
115 creatures vanquished.

Notes
Turn   | Place    | Note
-------+----------+-------------------------------------------
     0 | D:1      | Ajdolov the Vine Stalker Shapeshifter began the quest for
                  | the Orb.
     0 | D:1      | Reached XP level 1. HP: 9/9 MP: 2/2
    53 | D:1      | Reached XP level 2. HP: 14/14 MP: 3/3
   443 | D:1      | Reached XP level 3. HP: 15/17 MP: 4/4
   722 | D:2      | Gained mutation: Your natural rate of healing is unusually
                  | fast. [Vine Stalker growth]
   722 | D:2      | Reached XP level 4. HP: 8/21 MP: 2/5
   725 | D:2      | Reached skill level 4 in Shapeshifting
  1495 | D:3      | Found an iron altar of Okawaru.
  1504 | D:3      | Reached XP level 5. HP: 21/25 MP: 4/6
  1542 | D:3      | Noticed Robin
  1590 | D:3      | Killed Robin
  1644 | D:3      | Found a faded altar of an unknown god.
  1649 | D:3      | Found a broken altar of Ashenzari.
  1861 | D:3      | Found a glowing silver altar of Zin.
  2399 | D:4      | Noticed an ogre
  2543 | D:4      | Killed an ogre
  2544 | D:4      | Reached skill level 5 in Shapeshifting
  2544 | D:4      | Reached XP level 6. HP: 11/29 MP: 7/7
  2905 | D:4      | Reached skill level 5 in Unarmed Combat
  2905 | D:4      | Reached XP level 7. HP: 28/32 MP: 8/8
  3075 | D:5      | Entered Level 5 of the Dungeon
  3087 | D:5      | You fall into a shaft and drop 1 floor!
  3114 | D:6      | Reached skill level 6 in Shapeshifting
  3164 | D:5      | HP: 1/32 [poisoned by a water moccasin]
  3166 | D:5      | Succumbed to a water moccasin's poison

Illustrated notes

Levels and vault maps discovered:
D:1:      ncdulo_lavacross, layout_rooms, serial_bayou_lagoon_b
D:2:      layout_loops_corners, minmay_mini_jars
D:3:      layout_basic, nicolae_overflow_ecumenical_swirl,
          mainiacjoe_overflow_large_starburst, minmay_cupped, uniq_robin
D:4:      layout_gridville, serial_bayou, serial_bayou_ford_a,
          serial_bayou_pond_e, serial_bayou_lake_a, serial_bayou_pond_a,
          item_on_display_b
D:5:      layout_basic, minmay_temple_entry_statues_fountains, serial_shops,
          nicolae_shop_bloodbath_and_beyond, minmay_misc_feat_enclosed
D:6:      layout_rooms, portal_sewer_entry_a, kennysheep_donut

Skill      XL: |  1  2  3  4  5  6  7 |
---------------+----------------------+-----
Shapeshifting  | 4 5 6 |  6.1
Unarmed Combat | 4 5 |  5.3
Fighting       | |  0.8
Dodging        | |  1.5

Action                     |  1- 3 |  4- 6 |  7- 9 || total
---------------------------+-------+-------+-------++-------
  Melee: Unarmed           |    79 |   148 |    34 ||   261
         Bite              |    13 |    41 |     7 ||    61
         Punch             |     3 |     5 |     4 ||    12
    Use: Potion            |       |       |     3 ||     3
 Armour: Animal skin       |     1 |       |       ||     1
         Leather armour    |     9 |       |       ||     9
         Ring mail         |    15 |       |       ||    15
         Scale mail        |    15 |    35 |       ||    50
         Chain mail        |       |    19 |    10 ||    29
  Dodge: Dodged            |    39 |    54 |    13 ||   106

Table legend: (Time is in decaauts)
 A = Elapsed time spent in this place.
 B = Non-inter-level travel time spent in this place.
 C = Inter-level travel time spent in this place.
 D = Time resting spent in this place.
 E = Time spent auto-exploring this place.
 F = Levels seen in this place.
 G = Mean time per level.
                   A        B        C        D        E       F      G
               +--------+--------+--------+--------+--------+-----+--------+
         Total |   3175 |   3028 |    147 |      0 |   2194 |   6 |  529.2 |
       Dungeon |   3175 |   3028 |    147 |      0 |   2194 |   6 |  529.2 |
               +--------+--------+--------+--------+--------+-----+--------+

Top non-repeatable levels by time:
     D:2: 982 daAuts
     D:3: 969 daAuts
     D:4: 645 daAuts
     D:1: 489 daAuts
     D:6: 66 daAuts
     D:5: 22 daAuts
